 Dungeon Crawl Stone Soup version 0.25-a0-102-gbfa96ce22d (webtiles) character file.

Game seed: 10735947902715691636, levelgen mode: deterministic

56 vurker the Magician (level 3, -1/26 HPs)
             Began as a Mummy Fire Elementalist on Nov 15, 2019.
             Slain by Grinder (11 damage)
             ... on level 3 of the Dungeon.
             The game lasted 00:02:50 (2507 turns).

vurker the Magician (Mummy Fire Elementalist)       Turns: 2507, Time: 00:02:51

Health: -1/26      AC:  3    Str: 11    XL:     3   Next: 69%
Magic:  4/7        EV: 12    Int: 15    God:
Gold:   61         SH:  0    Dex: 12    Spells: 7/8 levels left

rFire    x . .     SeeInvis .   e - +0 dagger (venom)
rCold    + . .     Gourm    .   (no shield)
rNeg     + + +     Faith    .   a - +0 robe
rPois    ∞         Spirit   .   (no helmet)
rElec    .         Reflect  .   (no cloak)
rCorr    .         Harm     .   (no gloves)
MR       .....                  b - +0 pair of boots
Stlth    ++........             (no amulet)
HPRegen  0.08/turn              (no ring)
MPRegen  0.10/turn              (no ring)

@: no status effects
A: no food or potions, fire vulnerability, cold resistance 1, negative energy
resistance 3, torment resistance, unbreathing
a: no special abilities


You were on level 3 of the Dungeon.
You were not hungry.

You visited 1 branch of the dungeon, and saw 3 of its levels.

You collected 61 gold pieces.

Inventory:

Hand Weapons
 e - a +0 dagger of venom (weapon)
   (You found it on level 2 of the Dungeon)
Armour
 a - a +0 robe (worn)
 b - a +0 pair of boots (worn)
   (You found it on level 2 of the Dungeon)
Scrolls
 c - 2 scrolls of remove curse
 d - a scroll of teleportation {unknown}


   Skills:
 + Level 1.1 Fighting
 - Level 1.5 Dodging
 - Level 1.5 Stealth
 * Level 3.4 Spellcasting
 * Level 1.7 Conjurations
 * Level 2.8 Fire Magic


You had 7 spell levels left.
You knew the following spells:

 Your Spells              Type           Power        Failure   Level  Hunger
a - Flame Tongue          Conj/Fire      #....        8%          1    N/A

Your spell library contained the following spells:

 Spells                   Type           Power        Failure   Level  Hunger
 Throw Flame              Conj/Fire      #.....       11%         2    N/A
 Conjure Flame            Conj/Fire      #.......     22%         3    N/A
 Inner Flame              Hex/Fire       #.......     32%         3    N/A
 Sticky Flame             Conj/Fire      #.......     58%         4    N/A
 Fireball                 Conj/Fire      #.........   90%         5    N/A

Dungeon Overview and Level Annotations

Branches:
Dungeon (3/15)

Altars:
Ru

Annotations:
D:3 Grinder


Innate Abilities, Weirdness & Mutations

You do not eat or drink.
Your flesh is vulnerable to fire.
You are immune to poison.
Your flesh is cold resistant. (rC+)
You are immune to negative energy. (rN+++)
You are immune to unholy pain and torment.
You can survive without breathing.


Message History

You kill the ooze!
A rat comes into view.
A rat is nearby!
Unknown command.
A rat is nearby!
Aim: a rat (resting)
The flame tongue hits the rat but does no damage.
Aim: a rat The flame tongue misses the rat.
Aim: a rat The flame tongue hits the rat.
You kill the rat!
You see here a dagger.
You see here a red potion.
You see here a +0 mace.
Done exploring.
Done exploring.
Done exploring.
You see here a +0 mace.
You see here a red potion.
There is an escape hatch in the ceiling here.
A mysterious force pulls you upwards. The hatch slams shut behind you.
There is a stone staircase leading down here.
You climb downwards.
There is a stone staircase leading up here.
There is a stone staircase leading down here.
You climb downwards.
There is a stone staircase leading up here.
Found 2 orange potions.
You see here 2 orange potions.
Found 18 stones.
Grinder comes into view.
You can't see any susceptible monsters within range! (Use Z to cast anyway.)
You see here 2 orange potions.
There is a stone staircase leading up here.
You can't see any susceptible monsters within range! (Use Z to cast anyway.)
Aim: Grinder The flame tongue hits Grinder.
Grinder gestures at you.
You suddenly lose the ability to move!
Grinder says, "I used to sell toenails on the black market."
You can move again.
Aim: Grinder (lightly wounded)
The flame tongue misses Grinder.
Grinder hits you.
You hit Grinder. Grinder hits you.
You barely miss Grinder. Grinder hits you.
* * * LOW HITPOINT WARNING * * *
Aim: Grinder (lightly wounded)
The flame tongue hits Grinder!
Grinder hits you!
You die...

# .# 5# ## #########
#.#.. #@....... ... #
#5########.##(# #..
#.# #.......#
#...###.# #.##.##.#
#.......#####.##.##.
...........!5.........
#######.######.##.##.#
#.# #.# ... #.# #..
....#


You could see Grinder.

Vanquished Creatures
  An adder (D:2)
  An ooze (D:2)
  A worm (D:2)
  A dart slug (D:1)
  2 leopard geckos
  5 bats
  A giant cockroach (D:1)
  4 goblins
  5 hobgoblins (D:1)
  7 kobolds
  3 frilled lizards (D:1)
  5 rats
36 creatures vanquished.

Notes
Turn   | Place    | Note
-------+----------+-------------------------------------------
     0 | D:1      | vurker the Mummy Fire Elementalist began the quest for the
                  | Orb.
     0 | D:1      | Reached XP level 1. HP: 13/13 MP: 4/4
    55 | D:1      | Reached skill level 1 in Conjurations
   161 | D:1      | Reached XP level 2. HP: 9/20 MP: 2/5
   340 | D:1      | Reached skill level 3 in Spellcasting
  1555 | D:2      | Found a sacrificial altar of Ru.
  1589 | D:2      | Reached XP level 3. HP: 24/25 MP: 3/7
  1659 | D:2      | Reached skill level 1 in Fighting
  2486 | D:3      | Noticed Grinder
  2501 | D:3      | Paralysed by Grinder for 3 turns
  2507 | D:3      | Slain by Grinder

Levels and vault maps discovered:
D:1:      psy_arrival_basics, layout_basic, glass_columns_a
D:2:      layout_loops_cross, nicolae_ru_path_of_blood
D:3:      layout_loops_ring, first_ration, chequers_ecumenical_altar_lobes,
          minmay_hedge_maze, uniq_jessica, uniq_grinder, uniq_purgy

Skill      XL: |  1  2  3 |
---------------+----------+-----
Conjurations   | 1 |  1.7
Spellcasting   | 3 |  3.4
Fighting       | 1 |  1.1
Dodging        | |  1.5
Stealth        | |  1.5
Fire Magic     | |  2.8

Action                   || total
-------------------------++-------
Melee: Whip              ||     7
       Dagger            ||     4
 Cast: Flame Tongue      ||    67
  Use: Scroll            ||     1
 Stab: Sleeping          ||     1
Armor: Robe              ||     9
Dodge: Dodged            ||    12

Table legend:
 A = Non-vault XP
 B = Vault XP
 C = Vault XP percentage of total XP
 D = Non-vault monster count
 E = Vault monster count
 F = Vault count percentage of total count
                 A         B        C        D         E       F
            +---------+---------+-------+---------+---------+-------
      Total |      80 |       0 |   0.0 |      36 |       0 |   0.0
            +---------+---------+-------+---------+---------+-------
        D:1 |      39 |       0 |   0.0 |      22 |       0 |   0.0
        D:2 |      41 |       0 |   0.0 |      14 |       0 |   0.0
            +---------+---------+-------+---------+---------+-------
